 Dungeon Crawl Stone Soup version 0.21-a0-195-gc079aee (webtiles) character file.

142 Helio the Sneak (level 5, -2/24 HPs)
             Began as a Spriggan Enchanter on Aug 15, 2017.
             Killed from afar by Ijyb (15 damage)
             ... with a wand of lightning (?/15)
             ... on level 3 of the Dungeon.
             The game lasted 00:09:51 (3045 turns).

Helio the Sneak (Spriggan Enchanter)                Turns: 3045, Time: 00:09:52

Health: -2/24      AC:  2    Str:  4    XL:     5   Next: 4%
Magic:  12/12      EV: 18    Int: 17    God:
Gold:   123        SH:  0    Dex: 17    Spells: 3/12 levels left

rFire    . . .     SeeInvis +   a - +1 dagger
rCold    . . .     Gourm    .   (shield restricted)
rNeg     . . .     Faith    .   b - +0 robe
rPois    .         Spirit   .   (helmet restricted)
rElec    .         Reflect  .   (no cloak)
rCorr    .         Harm     .   (gloves unavailable)
MR       .....                  (boots unavailable)
Stlth    +++.......             (no amulet)
HPRegen  0.08/turn              i - ring of flight
MPRegen  0.13/turn              (no ring)

@: very quick
A: unfitting armour, talons 2, see invisible, herbivore 3, speed 3, sense
surroundings 1, slow metabolism 2, MP-powered wands
a: Evoke Flight


You were on level 3 of the Dungeon.
You were full.

You visited 1 branch of the dungeon, and saw 3 of its levels.

You collected 123 gold pieces.

Inventory:

Hand Weapons
 a - a +1 dagger (weapon)
Armour
 b - a +0 robe (worn)
Jewellery
 e - an uncursed amulet of regeneration {unknown}
 i - a ring of flight (left hand)
Wands
 k - a wand of acid (4/15)
Scrolls
 l - a scroll of remove curse
 m - a scroll of fog
 o - a scroll of teleportation
Potions
 f - a potion of curing
 g - a potion of cancellation {unknown}
 h - a potion of lignification {unknown}
 j - a potion of might {unknown}
Books
 c - a book of Maledictions

   Spells                             Type                      Level
   a - Corona                         Hexes                        1
   b - Ensorcelled Hibernation        Hexes/Ice                    2
   c - Confuse                        Hexes                        3
   d - Tukima's Dance                 Hexes                        3
   e - Dazzling Spray                 Conjuration/Hexes            3
Comestibles
 d - a bread ration
 n - a royal jelly


   Skills:
 - Level 1.8 Short Blades
 - Level 3.3 Dodging
 + Level 5.6 Stealth
 - Level 4.1 Spellcasting
 - Level 5.0 Hexes
 - Level 0.4 Ice Magic


You had 3 spell levels left.
You knew the following spells:

 Your Spells              Type           Power        Failure   Level  Hunger
a - Ensorcelled Hibernat  Hex/Ice        ##....       8%          2    ##.....
b - Corona                Hex            ###....      1%          1    None
c - Confuse               Hex            ###.....     6%          3    ###....
d - Tukima's Dance        Hex            ###.....     6%          3    ###....


Dungeon Overview and Level Annotations

Branches:
Dungeon (3/15)

Altars:
Ashenzari
Elyvilon
Okawaru
Xom

Annotations:
D:3 Ijyb


Innate Abilities, Weirdness & Mutations

You are very small and have problems with some larger weapons.
You are too small for most types of armour.
You have supernaturally acute eyesight. (SInv)
You are a herbivore.
You cover ground extremely quickly.
You need consume almost no food.
You have razor-sharp toenails.
You passively map a small area around you.
You expend magic power (3 MP) to strengthen your wands.


Message History

You now have 123 gold pieces (gained 11).
Found a stone staircase leading down.
Found a rapier.
You see here a rapier.
Ijyb the Twisted Goblin comes into view.
She is wielding a dagger.
Found a stone staircase leading down.
Found a robe.
Found a hunting sling.
The helpless Ijyb fails to defend herself.
You impale Ijyb!!
Ijyb is almost dead.
You hit Ijyb but do no damage. Your kick misses Ijyb.
Ijyb is almost dead.
Ijyb zaps a wand.
The bolt of lightning hits you!
It is a wand of lightning (?/15).
You miss Ijyb.
Ijyb is almost dead.
Ijyb zaps a wand.
The bolt of lightning hits you!
Ouch! That really hurt!
You die...

###..#
#.###........# #
*..# #)#
#..####..# # ,
#.# #..# #..## #
, #.# #..# #....
# * ###.# #..#
#.... # ,
*#######...###(.#
##### # ,
)..............#
#* ,
########...###.##
#* ,
,...[..g@.......#
#
#####>##########
., , .., * *##**


You could see Ijyb.

Vanquished Creatures
  An iguana (D:3)
  4 adders
  A gnoll (D:1)
  An ooze (D:2)
  A worm (D:3)
  2 dart slugs
  2 leopard geckos (D:2)
  2 ball pythons
  6 bats
  4 giant cockroaches
  6 goblins
  9 hobgoblins
  4 jackals (D:2)
  4 frilled lizards
  4 kobolds
  7 rats
58 creatures vanquished.

Notes
Turn   | Place    | Note
-------+----------+-------------------------------------------
     0 | D:1      | Helio the Spriggan Enchanter began the quest for the Orb.
     0 | D:1      | Reached XP level 1. HP: 9/9 MP: 5/5
   357 | D:1      | Reached skill level 5 in Stealth
   357 | D:1      | Reached XP level 2. HP: 13/13 MP: 6/6
   388 | D:1      | Learned a level 2 spell: Ensorcelled Hibernation
   574 | D:1      | Gained mutation: You are dopey. (Int -2) [potion of mutation]
   574 | D:1      | Gained mutation: Your system is resistant to poisons. (rPois) [potion of mutation]
   574 | D:1      | Gained mutation: You have sharp toenails. [potion of mutation]
   575 | D:1      | Lost mutation: Your system is resistant to poisons. (rPois) [potion of mutation]
   575 | D:1      | Lost mutation: You are dopey. (Int -2) [potion of mutation]
   575 | D:1      | Gained mutation: You expend magic power (3 MP) to strengthen your wands. [potion of mutation]
   575 | D:1      | Gained mutation: You have razor-sharp toenails. [potion of mutation]
   575 | D:1      | Gained mutation: You passively map a small area around you. [potion of mutation]
   723 | D:1      | Reached XP level 3. HP: 16/16 MP: 8/8
   730 | D:1      | Learned a level 3 spell: Confuse
  1368 | D:2      | Found an iron altar of Okawaru.
  1656 | D:2      | Reached XP level 4. HP: 21/21 MP: 7/10
  1667 | D:2      | Learned a level 3 spell: Tukima's Dance
  1789 | D:2      | Found a shimmering altar of Xom.
  2175 | D:2      | Found a white marble altar of Elyvilon.
  2823 | D:3      | Reached skill level 5 in Hexes
  2823 | D:3      | Reached XP level 5. HP: 24/24 MP: 9/12
  2983 | D:3      | Found a shattered altar of Ashenzari.
  3039 | D:3      | Noticed Ijyb
  3045 | D:3      | Killed from afar by Ijyb

Vault maps used:
D:1:      eino_arrival_water_cross
D:2:      nicolae_overflow_hidden_temple, lemuel_crystal_altar,
          lemuel_doored_altar, serial_forest, infiniplex_forest_lined_2,
          infiniplex_forest_straight_2, infiniplex_forest_end_3,
          infiniplex_forest_lined_2, infiniplex_forest_straight_2,
          infiniplex_forest_3_way, infiniplex_forest_lined_4_way
D:3:      bloody_trog, nicolae_overflow_crystal_walls, first_bread,
          minmay_goblin_kobold_house, uniq_robin, uniq_ijyb

Skill      XL: |  1  2  3  4 |
---------------+-------------+-----
Stealth        | 5 |  5.6
Spellcasting   | 3 4 |  4.1
Hexes          | 4 5 |  5.0
Short Blades   | |  1.8
Dodging        | |  3.3
Ice Magic      | |  0.4

Action                   |  1- 3 |  4- 6 || total
-------------------------+-------+-------++-------
Melee: Dagger            |    94 |    76 ||   170
       Kick              |     8 |     8 ||    16
 Cast: Corona            |     7 |       ||     7
       Ensorcelled Hiber |    16 |    13 ||    29
  Use: Scroll            |     7 |     2 ||     9
       Potion            |     2 |       ||     2
 Stab: Sleeping          |    14 |    16 ||    30
  Eat: Bread ration      |       |     1 ||     1
Armor: Robe              |    14 |     6 ||    20
Dodge: Dodged            |    92 |    71 ||   163
